 Dungeon Crawl Stone Soup version 0.28-a0-751-gef3a642a4e (webtiles) character file.

Game seed: 8295707178539007460

41 Johnny the Slasher (level 3, -1/29 HPs)
             Began as a Human Berserker on Oct 30, 2021.
             Was a Believer of Trog.
             Killed from afar by Sigmund (5 damage)
             ... with a puff of flame
             ... on level 2 of the Dungeon.
             The game lasted 00:01:26 (1778 turns).

Johnny the Slasher (Human Berserker)                Turns: 1778, Time: 00:01:26

Health: -1/29      AC:  3    Str: 18    XL:     3   Next: 75%
Magic:  3/3        EV: 12    Int:  9    God:    Trog [**....]
Gold:   28         SH:  4    Dex: 12    Spells: 2/2 levels left

rFire   . . .      SeeInvis .   a - +0 falchion
rCold   . . .      Faith    .   (no shield)
rNeg    . . .      Spirit   .   b - +0 animal skin
rPois   .          Reflect  .   (no helmet)
rElec   .          Harm     .   (no cloak)
rCorr   .          Rampage  .   (no gloves)
Will    .....                   e - +0 pair of boots
Stlth   +.........              (no amulet)
HPRegen 0.09/turn               (no ring)
MPRegen 0.08/turn               (no ring)

@: no status effects
A: large bone plates 1, clever 1
a: Renounce Religion, Berserk, Trog's Hand


You were on level 2 of the Dungeon.
You worshipped Trog.
Trog was pleased with you.
You visited 1 branch of the dungeon, and saw 2 of its levels.

You collected 28 gold pieces.

Inventory:

Hand Weapons
 a - a +0 falchion (weapon)
Armour
 b - a +0 animal skin (worn)
 e - a +0 pair of boots (worn)
Scrolls
 g - 2 scrolls of summoning {unknown}
 i - a scroll of teleportation {unknown}
 j - a scroll of blinking {unknown}


   Skills:
 - Level 3.2 Fighting
 * Level 4.3 Long Blades
 - Level 2.0 Armour
 - Level 2.0 Dodging


You had 2 spell levels left.
You didn't know any spells.
Your spell library was empty.

Dungeon Overview and Level Annotations

Branches:
Dungeon (2/15)

Altars:

Annotations:
D:2 Sigmund


Innate Abilities, Weirdness & Mutations

You are partially covered in large bone plates. (SH +4)
Your mind is acute. (Int +2)


Message History

* * * LOW HITPOINT WARNING * * *
You bump into the rock wall.
You feel less confused.
A magic dart appears from out of thin air!
The magic dart hits you.
* * * LOW HITPOINT WARNING * * *
Your skin crawls.
You feel strong-willed.
You feel the effects of Trog's Hand fading.
Your skin stops crawling.
You feel less strong-willed.
Sigmund says, "Now you see me, now you don't..."
Sigmund points at something and mumbles some strange words.
Okay, then.
Sigmund casts a spell at you.
You are confused.
You're too confused to move!
Sigmund misses you.
You flicker for a moment.
Sigmund misses you.
You aren't carrying any potions.
Unknown command.
Sigmund casts a spell.
Sigmund flickers and vanishes!
Something hits you!
* * * LOW HITPOINT WARNING * * *
You feel yourself speed up.
You see here a ball python corpse.
You feel less confused.
You hear some strange, mumbled words.
The worm resists with significant effort.
Your extra speed is starting to run out.
You flicker back into view.
Something tries to affect you, but you resist.
You feel yourself slow down.
You recover from your berserk rage.
Your magical contamination has completely faded away.
Sigmund appears from thin air!
Reactivating autopickup.
Sigmund points at you and mumbles some strange words.
The puff of flame hits you.
You die...

#......#..?...#####
##..............##
###.........@......##
...................##
#..................)
#................###
#................#
#................#
##.@............##
#......##.....##
#.############# +..
.... P.... ..+..
♣♣####


You could see Sigmund.

Vanquished Creatures
  An adder (D:2)
  A dart slug (D:1)
  3 bats
  An endoplasm (D:1)
  A giant cockroach (D:2)
  5 hobgoblins (D:1)
  5 ball pythons
  2 frilled lizards (D:1)
  5 goblins
  2 kobolds
  3 rats (D:1)
29 creatures vanquished.

Vanquished Creatures (others)
  A fungus (D:2)
1 creature vanquished.

Grand Total: 30 creatures vanquished

Notes
Turn   | Place    | Note
-------+----------+-------------------------------------------
     0 | D:1      | Johnny the Human Berserker began the quest for the Orb.
     0 | D:1      | Reached XP level 1. HP: 18/18 MP: 1/1
   249 | D:1      | Reached XP level 2. HP: 16/24 MP: 2/2
   586 | D:1      | Found a faded altar of an unknown god.
   801 | D:1      | Reached XP level 3. HP: 28/29 MP: 3/3
  1390 | D:2      | Reached skill level 4 in Long Blades
  1456 | D:2      | Reached ** piety under Trog
  1693 | D:2      | Noticed Sigmund
  1726 | D:2      | Gained mutation: Your mind is acute. (Int +2) [potion of
                  | mutation]
  1726 | D:2      | Gained mutation: You are partially covered in large bone
                  | plates. (SH +4) [potion of mutation]
  1778 | D:2      | Killed from afar by Sigmund

Illustrated notes

Levels and vault maps discovered:
D:1:      psy_arrival_conway, layout_loops_ring,
          chequers_ecumenical_altar_island, nrook_uturn, solitary_fountain,
          minmay_tree_intersection, kennysheep_minor_cross, st_stairs_7
D:2:      layout_rooms, grunt_decor_resistance, uniq_sigmund,
          uniq_crazy_yiuf_cottage

Skill      XL: |  1  2  3 |
---------------+----------+-----
Long Blades    | 4 |  4.3
Fighting       | |  3.2
Armour         | |  2.0
Dodging        | |  2.0

Action                   || total
-------------------------++-------
Melee: Falchion          ||   116
Invok: Berserk           ||     2
       Trog's Hand       ||     2
  Use: Potion            ||     4
Armor: Animal skin       ||    26
Dodge: Dodged            ||    62

Table legend: (Time is in decaauts)
 A = Elapsed time spent in this place.
 B = Non-inter-level travel time spent in this place.
 C = Inter-level travel time spent in this place.
 D = Time resting spent in this place.
 E = Time spent auto-exploring this place.
 F = Levels seen in this place.
 G = Mean time per level.
                   A        B        C        D        E       F      G
               +--------+--------+--------+--------+--------+-----+--------+
         Total |   1807 |   1767 |     40 |    295 |   1165 |   2 |  903.5 |
       Dungeon |   1807 |   1767 |     40 |    295 |   1165 |   2 |  903.5 |
               +--------+--------+--------+--------+--------+-----+--------+

Top non-repeatable levels by time:
     D:1: 1420 daAuts
     D:2: 387 daAuts
